 Dungeon Crawl Stone Soup version 0.26-a0-812-g31a745ddcd (webtiles) character file.

Game seed: 9538136679068271767

725 kae the Ruffian (level 7, -5/57 HPs)
             Began as a Green Draconian Transmuter on Dec 2, 2020.
             Slain by an orc
             ... wielding a +0 club
              (6 damage)
             ... on level 5 of the Dungeon.
             The game lasted 00:03:31 (7415 turns).

kae the Ruffian (Green Draconian Transmuter)        Turns: 7415, Time: 00:03:32

Health: -5/57      AC:  2    Str: 15    XL:     7   Next: 43%
Magic:  6/11       EV: 21    Int: 11    God:
Gold:   304        SH:  0    Dex: 16    Spells: 8/12 levels left

rFire    . . .     SeeInvis .     - Unarmed
rCold    . . .     Faith    .   (shield currently unavailable)
rNeg     . . .     Spirit   .   (armour unavailable)
rPois    x         Reflect  .   (helmet currently unavailable)
rElec    .         Harm     .   (cloak currently unavailable)
rCorr    .         Rampage  .   (gloves currently unavailable)
MR       .....                  (boots currently unavailable)
Stlth    +.........             (no amulet)
HPRegen  0.19/turn              (no ring)
MPRegen  0.12/turn              (no ring)

@: spider-form, very slightly contaminated
A: tiny, (breathe noxious fumes), unfitting armour, dopey 1, AC +6
a: End Transformation


You were on level 5 of the Dungeon.
You were a venomous arachnid creature.
You visited 1 branch of the dungeon, and saw 5 of its levels.

You collected 304 gold pieces.

Inventory:

Jewellery
 o - an uncursed amulet of faith {unknown}
 q - an uncursed ring of positive energy {unknown}
 s - an uncursed ring of protection from cold {unknown}
Wands
 j - a wand of random effects (13)
 t - a wand of acid (10)
Scrolls
 b - 2 scrolls of identify
 h - a scroll of amnesia
 i - a scroll of magic mapping
 k - 2 scrolls of remove curse
 l - a scroll of teleportation
 n - 2 scrolls of fear
Potions
 a - 2 potions of lignification
 c - 2 potions of curing
 d - a potion of cancellation {unknown}
 e - a potion of degeneration
 f - a potion of flight
 g - a potion of brilliance
 m - 3 potions of invisibility
 p - 2 potions of heal wounds
 r - a potion of attraction {unknown}


   Skills:
 + Level 3.4 Fighting
 + Level 3.0 Dodging
 * Level 5.1 Unarmed Combat
 + Level 3.3 Spellcasting
 * Level 4.6 Transmutations
 - Level 2.4 Poison Magic


You had 8 spell levels left.
You knew the following spells:

 Your Spells              Type           Power        Failure   Level
a - Beastly Appendage     Tmut           ##....       12%         1
b - Spider Form           Tmut/Pois      #.........   38%         3

Your spell library contained the following spells:

 Spells                   Type           Power        Failure   Level
 Wereblood                Tmut           ##......     16%         2
 Ice Form                 Ice/Tmut       #.......     86%         4
 Blade Hands              Tmut           ##........   87%         5


Dungeon Overview and Level Annotations

Branches:
Dungeon (5/15)
 Temple: D:4-7

Altars:
Dithmenos
Elyvilon
Hepliaklqana
Kikubaaqudgha
Nemelex Xobeh
Okawaru
Trog
Yredelemnul
Zin

Annotations:
D:3 exclusion: upstairs


Innate Abilities, Weirdness & Mutations

((You can breathe blasts of noxious fumes.))
((Your lurid green scales are hard. (AC +6)))
You cannot fit into any form of body armour.
((Your system is resistant to poisons. (rPois)))
((You are cold-blooded and may be slowed by cold attacks.))
((You have a pair of small horns on your head.))
You are dopey. (Int -2)


Message History

Beogh smites you!
* * * LOW HITPOINT WARNING * * *
The orc closely misses you.
You completely miss the orc.
The orc is heavily wounded.
The orc closely misses you.
You barely miss the orc.
The orc is heavily wounded.
You feel much better. The orc hits you with a +0 club.
You barely miss the orc.
The orc is heavily wounded.
The orc closely misses you.
The orc priest calls down the wrath of Beogh upon you.
Beogh smites you!
* * * LOW HITPOINT WARNING * * *
You hit the orc.
The orc is almost dead.
You have got your breath back.
The orc hits you with a +0 club.
You die...

.# #. ##......... #.##
##.# ##.........#
...#....# ##.....##...#
## #...#
#..##.....###.... ##..
...# #........# ##...
#....#o.# #..(...##
#... #>.....#
####.......###...
#.)o###.†..............
###ooos...##...........
#..#####.###..........
#.## #.............. #.
##............. .#
.....##....... ##
....#####....# .#.#
##..## ##


You could see an orc priest and 3 orcs.

Vanquished Creatures
  2 ogres
  A phantom (D:4)
  A hound (D:4)
  A jelly (D:4)
  An iguana (D:4)
  Natasha (thrice) (D:3)
  3 orc wizards
  A hound skeleton (D:4)
  A worker ant zombie (D:4)
  9 adders
  A shadow imp (D:5)
  2 oozes
  2 adder zombies
  2 adder skeletons (D:4)
  5 worms
  A dart slug (D:2)
  4 leopard geckos
  12 orcs
  6 bats
  A giant cockroach (D:5)
  6 hobgoblins
  3 jackals (D:4)
  3 kobolds
  3 quokkas (D:2)
  5 frilled lizards
  5 goblins
  A leopard gecko skeleton (D:4)
  6 rats
91 creatures vanquished.

Notes
Turn   | Place    | Note
-------+----------+-------------------------------------------
     0 | D:1      | kae the Draconian Transmuter began the quest for the Orb.
     0 | D:1      | Reached XP level 1. HP: 16/16 MP: 3/3
   530 | D:1      | Reached XP level 2. HP: 16/23 MP: 3/5
  1177 | D:2      | Reached XP level 3. HP: 17/28 MP: 4/6
  1974 | D:2      | Found a hazy altar of Hepliaklqana.
  2804 | D:3      | Reached XP level 4. HP: 26/36 MP: 5/7
  2976 | D:2      | Found a bloodstained altar of Trog.
  3223 | D:3      | Found a sparkling altar of Nemelex Xobeh.
  3552 | D:3      | Found an ancient bone altar of Kikubaaqudgha.
  3650 | D:3      | Gained mutation: You are dopey. (Int -2) [potion of
                  | mutation]
  3650 | D:3      | Gained mutation: Your tail ends in a poisonous barb.
                  | [potion of mutation]
  3650 | D:3      | Lost mutation: Your tail ends in a poisonous barb. [potion
                  | of mutation]
  3650 | D:3      | Gained mutation: You have a pair of large horns on your
                  | head. [potion of mutation]
  3920 | D:3      | Reached skill level 4 in Unarmed Combat
  4156 | D:4      | Noticed a phantom
  4188 | D:4      | Noticed Natasha
  4237 | D:3      | Learned a level 3 spell: Spider Form
  4249 | D:3      | Reached XP level 5. HP: 26/41 MP: 5/8
  4396 | D:3      | Killed Natasha
  4736 | D:3      | Found an ancient bone altar of Kikubaaqudgha.
  4769 | D:3      | Noticed Natasha
  4774 | D:3      | Killed Natasha
  5022 | D:3      | Found an ancient bone altar of Kikubaaqudgha.
  5111 | D:3      | Found a sparkling altar of Nemelex Xobeh.
  5212 | D:3      | Noticed Natasha
  5222 | D:3      | Killed Natasha
  5222 | D:3      | Reached skill level 1 in Poison Magic
  5459 | D:4      | Reached XP level 6. HP: 27/50 MP: 6/10
  6249 | D:4      | Found an iron altar of Okawaru.
  6250 | D:4      | Found a shadowy altar of Dithmenos.
  6559 | D:4      | Your scales start taking on a lurid green colour.
  6559 | D:4      | Reached XP level 7. HP: 45/57 MP: 7/11
  6559 | D:4      | Gained mutation: Your system is resistant to poisons.
                  | (rPois) [Green Draconian growth]
  7037 | D:5      | Entered Level 5 of the Dungeon
  7099 | D:5      | Reached skill level 5 in Unarmed Combat
  7179 | D:5      | Found a basalt altar of Yredelemnul.
  7180 | D:5      | Found a glowing silver altar of Zin.
  7182 | D:5      | Found a white marble altar of Elyvilon.
  7414 | D:5      | HP: 1/57 [orc priest/divine providence (17)]
  7415 | D:5      | Slain by an orc

Illustrated notes

Levels and vault maps discovered:
D:1:      dpeg_arrival_oval, layout_basic, serial_corexii_hall,
          corexii_hall_statues_u, chequers_hall_statues_wall_a,
          corexii_hall_statues_x, corexii_hall_statues_i, chequers_garden,
          minmay_misc_feat_ornament, grunt_decor_cap
D:2:      layout_basic, lemuel_round_altar, nicolae_overflow_hidden_temple,
          serial_corexii_hall, corexii_hall_statues_s, chequers_hall_statues_y
D:3:      layout_basic, nemelex_xobeh_ov_fountains_minmay,
          kiku_gazebo_garden_becter
D:4:      minmay_bubble_buster, layout_basic, gammafunk_temple_overflow_statue,
          minmay_box_of_dots, uniq_natasha
D:5:      minmay_opposing_rooms, layout_layer_cave, minitemple,
          nicolae_overflow_crystal_walls, kennysheep_pointless_box,
          kennysheep_cluttered_room

Skill      XL: |  1  2  3  4  5  6  7 |
---------------+----------------------+-----
Dodging        | 2 3 |  3.0
Fighting       | 2 3 |  3.4
Transmutations | 3 4 |  4.6
Unarmed Combat | 4 5 |  5.1
Poison Magic   | 1 2 |  2.4
Spellcasting   | 3 |  3.3

Action                   |  1- 3 |  4- 6 |  7- 9 || total
-------------------------+-------+-------+-------++-------
Melee: Unarmed           |    92 |   186 |    46 ||   324
       Kick              |    17 |    14 |       ||    31
       Headbutt          |     8 |    16 |     3 ||    27
       Tailslap          |     5 |     9 |     1 ||    15
       Punch             |     1 |     5 |     1 ||     7
 Cast: Beastly Appendage |    22 |    18 |       ||    40
       Spider Form       |       |    10 |     5 ||    15
 Abil: Breathe Noxious F |       |       |     5 ||     5
  Use: Scroll            |       |    13 |       ||    13
       Potion            |       |     3 |     1 ||     4
 Stab: Sleeping          |     1 |       |     1 ||     2
Armor: Skin              |    34 |    32 |     5 ||    71
Dodge: Dodged            |    52 |   124 |    26 ||   202

Table legend: (Time is in decaauts)
 A = Elapsed time spent in this place.
 B = Non-inter-level travel time spent in this place.
 C = Inter-level travel time spent in this place.
 D = Time resting spent in this place.
 E = Time spent auto-exploring this place.
 F = Levels seen in this place.
 G = Mean time per level.
                   A        B        C        D        E       F      G
               +--------+--------+--------+--------+--------+-----+--------+
         Total |   7418 |   7174 |    244 |    209 |   6197 |   5 | 1483.6 |
       Dungeon |   7418 |   7174 |    244 |    209 |   6197 |   5 | 1483.6 |
               +--------+--------+--------+--------+--------+-----+--------+

Top non-repeatable levels by time:
     D:3: 2238 daAuts
     D:2: 2032 daAuts
     D:4: 1605 daAuts
     D:1: 1166 daAuts
     D:5: 375 daAuts
